 Dungeon Crawl Stone Soup version 0.32-a0-131-g9dbbe29261 (webtiles) character file.

Game seed: 821993113498677233

153 zeratav the Sneak (level 5, 0/36 HPs)
             Began as an Octopode Shapeshifter on Feb 8, 2024.
             Slain by an orc
             ... wielding a +0 flail
              (8 damage)
             ... on level 4 of the Dungeon.
             The game lasted 00:02:17 (2508 turns).

zeratav the Sneak (Octopode Shapeshifter)           Turns: 2508, Time: 00:02:17

Health: 0/36       AC:  1    Str: 15    XL:     5   Next: 35%
Magic:  5/5        EV: 13    Int: 13    God:
Gold:   222        SH:  0    Dex: 11    Spells: 4/4 levels left

rFire   . .          .
                       - Unarmed
rCold   . . .        (no shield)
rNeg    + . .        (helmet currently unavailable)
rPois   .            (no amulet)
rElec   .            f - ring of positive energy
rCorr   .            (no ring)
SInv    .            (no ring)
Will    .....        (no ring)
Stlth   ++++         (no ring)
HPRegen 0.26/turn    (no ring)
MPRegen 0.09/turn    (no ring)
                     (no ring)

%: no passive effects
@: beast-form
A: beast (slay +1), almost no armour, amphibious, 8 rings, camouflage 1,
gelatinous body 1, (nimble swimmer 1), tentacles
a: Begin Untransformation


You were on level 4 of the Dungeon.
You were a hulking beast.
You visited 1 branch of the dungeon, and saw 4 of its levels.

You collected 222 gold pieces.


Innate Abilities, Weirdness & Mutations

You are a hulking beast.
Your limbs bulge with bestial killing power. (Slay +1)
You cannot wear most types of armour.
You are amphibious.
You can wear up to eight rings at the same time.
Your skin changes colour to match your surroundings (Stealth+).
Your rubbery body absorbs attacks. (AC +1, EV +1)
((You are camouflaged when in or above water. (Stealth+)))
You have tentacles for arms and can constrict up to eight enemies at once.


   Skills:
 + Level 3.5 Fighting
 - Level 2.0 Dodging
 - Level 5.0 Stealth
 - Level 3.0 Unarmed Combat
 - Level 3.0 Shapeshifting


You had 4 spell levels left.
You didn't know any spells.
Your spell library contained the following spells:

 Spells                   Type           Power      Damage    Failure   Level
 Gell's Gravitas          Tloc           0%         N/A       67%         3
 Teleport Other           Tloc           0%         N/A       67%         3
 Dispersal                Tloc           0%         N/A       100%        6

Inventory:

Jewellery
 f - a ring of positive energy (left tentacle)
   (You found it on level 1 of the Dungeon)
Talismans
 b - a beast talisman
 c - a flux talisman
Scrolls
 e - a scroll of amnesia {unknown}
 h - 4 scrolls of enchant armour {unknown}
 i - 3 scrolls of immolation {unknown}
 l - 3 scrolls of identify {unknown}
 m - 2 scrolls of enchant weapon {unknown}
 n - a scroll of fog {unknown}
 o - a scroll of revelation {unknown}
 p - 2 scrolls of teleportation {unknown}
 r - a scroll of poison {unknown}
Potions
 a - a potion of lignification {!q}
 d - 2 potions of attraction {unknown}
 g - a potion of might {unknown}
 j - 2 potions of degeneration {unknown}
 k - a potion of resistance {unknown}
 q - a potion of mutation {unknown}
 s - a potion of heal wounds {unknown}
 t - 2 potions of ambrosia {unknown}

Dungeon Overview and Level Annotations

Branches:
Dungeon (4/15) Zot: 21496
 Temple: D:4-7

Altars:
Okawaru

Annotations:
D:4 Dowan, Duvessa

....$...#
........#
........# #####
........#......
(.......#......
........#......
.......<.......
......l?.......
......rhg......
#####.oo#......
#.o.#......
#...#......
..... .....
...$.. .##.#
....... .#
.........


You could see an iguana, an orc priest, 2 orcs, a quokka and a hobgoblin.


Message History

No target in view!
Things that are here:
a +0 short sword {short}; a +0 leather armour; an orc corpse
Found a stone staircase leading up.
HP[+1]
Your hp is fully restored (36).
There is a stone staircase leading up here.
You see here a +0 robe.
t - 2 blue potions You see here a +0 robe.
A ball python comes into view.
A ball python is nearby!
A ball python is nearby!
You see here a +0 spear {polearm}.
The helpless ball python fails to defend itself.
You tentacle-slap the ball python. Your grab misses the ball python.
The ball python misses you. The ball python barely misses you.
You tentacle-slap the ball python.
You kill the ball python!
No target in view!
No target in view!
No target in view!
No target in view!
No target in view!
No target in view!
No target in view!
No target in view!
Done exploring.
Done exploring.
Done exploring.
Done exploring.
There is a stone staircase leading up here.
You see here a frilled lizard skeleton.
There is a stone staircase leading down here.
You climb downwards.
Duvessa shouts!
Dowan shouts!
Found a glowing amethyst potion and a scroll labelled SAIGIA ODITO.
Found a stone staircase leading down.
There is a stone staircase leading up here.
There are monsters nearby!
You climb upwards.
There is a stone staircase leading down here.
There is a stone staircase leading down here.
You climb downwards.
Level annotation: Dowan, Duvessa
There is a stone staircase leading up here.
There are monsters nearby!
The orc shouts!
You hear a shout! x3
An orc comes into view. It is wielding a +0 mace.
The orc hits you from afar with a +0 trident.
An orc priest comes into view. It is wielding a +0 trident.
An orc comes into view. It is wielding a +0 flail.
You hear a shout!
You see here a scroll labelled ZAHAYH LIKUKH.
HP[-3]
You take 3 damage, and now have 33/36 hp.
The orc hits you with a +0 trident!
An iguana comes into view.
A quokka comes into view.
HP[-6]
You take 6 damage, and now have 27/36 hp.
The iguana hisses angrily.
You tentacle-slap the orc but do no damage.
You grab the orc. You constrict the orc. The orc hits you with a +0 trident.
The orc priest calls upon Beogh to heal the orc.
The orc's wounds heal themselves!
You tentacle-slap the orc. You squeeze the orc.
You kill the orc!
The orc misses you. The hobgoblin barely misses you.
You tentacle-slap the orc but do no damage.
You grab the orc. You squeeze the orc. You constrict the orc.
You kill the orc!
The orc priest closely misses you.
An orc priest comes into view. It is wielding a +0 club.
The hobgoblin hits you.
You tentacle-slap the endoplasm. You squeeze the endoplasm.
You kill the endoplasm!
The orc priest barely misses you. The hobgoblin barely misses you.
HP[-7]
You take 7 damage, and now have 20/36 hp.
You tentacle-slap the orc. Your grab misses the orc.
Your tentacle-slap misses the orc.
Your squeeze misses the orc.
The orc priest calls upon Beogh to heal the orc.
The orc's wounds heal themselves!
The orc barely misses you. The hobgoblin misses you.
You tentacle-slap the quokka. Your grab misses the quokka.
The orc priest closely misses you. The orc barely misses you.
The hobgoblin closely misses you. The quokka bites you.
* * * LOW HITPOINT WARNING * * *
You are too injured to fight recklessly!
You are too injured to fight recklessly!
HP[-2]
You take 2 damage, and now have 18/36 hp.
You are too injured to fight recklessly!
You are too injured to fight recklessly!
You barely miss the quokka. Your grab misses the quokka.
The quokka barely misses you.
The orc priest hits you from afar with a +0 trident!
* * * LOW HITPOINT WARNING * * *
The orc hits you with a +0 flail!
You die...

Skill      XL: |  1  2  3  4 |
---------------+-------------+-----
Stealth        | 2 4 5 |  5.0
Fighting       | 3 |  3.5
Dodging        | |  2.0
Unarmed Combat | |  3.0
Shapeshifting  | |  3.0

Action                     |  1- 3 |  4- 6 || total
---------------------------+-------+-------++-------
  Melee: Unarmed           |    34 |    57 ||    91
         Constrict         |    12 |    14 ||    26
         Tentacles         |    10 |    16 ||    26
         Punch             |     3 |     1 ||     4
   Stab: Sleeping          |     3 |     6 ||     9
 Armour: Skin              |    15 |    22 ||    37
  Dodge: Dodged            |    18 |    35 ||    53

Levels and vault maps discovered:
D:1:      lemuel_arrival_room, layout_loops_ring, serial_rivers,
          chequers_serial_rivers_small_3, chequers_serial_rivers_marsh,
          chequers_serial_rivers_small_3, chequers_serial_rivers_room_a
D:2:      layout_basic, amcnicky_mini_rare_corridor_liquid, uniq_robin,
          uniq_natasha
D:3:      kb_forest_paths, layout_basic, okawaru_metal_pillars_1_2
D:4:      layout_basic, minmay_temple_entry_glass, uniq_duvessa

Notes
Turn   | Place    | Note
-------+----------+-------------------------------------------
     0 | D:1      | zeratav the Octopode Shapeshifter began the quest for the
                  | Orb.
     0 | D:1      | Reached XP level 1. HP: 13/13 MP: 1/1
     0 | D:1      | magus.rc [v1.9.6]
   215 | D:1      | Reached skill level 1 in Stealth
   226 | D:1      | Reached skill level 2 in Stealth
   271 | D:1      | Reached XP level 2. HP: 15/18 MP: 2/2
   827 | D:2      | Reached skill level 3 in Stealth
   858 | D:2      | Noticed Natasha
   865 | D:2      | Killed Natasha
   866 | D:2      | Reached skill level 4 in Stealth
   866 | D:2      | Reached XP level 3. HP: 8/23 MP: 3/3
  1127 | D:2      | Noticed Robin
  1133 | D:2      | Killed Robin
  1134 | D:2      | Reached skill level 5 in Stealth
  1134 | D:2      | Reached XP level 4. HP: 13/28 MP: 0/4
  1236 | D:2      | You add the spells Gell's Gravitas, Teleport Other and
                  | Dispersal to your library.
  1339 | D:2      | Noticed Natasha
  1347 | D:2      | Killed Natasha
  1348 | D:2      | Reached skill level 2 in Fighting
  1439 | D:2      | Noticed Natasha
  1448 | D:2      | Killed Natasha
  1449 | D:2      | Reached skill level 3 in Fighting
  1449 | D:2      | Reached XP level 5. HP: 25/36 MP: 5/5
  1643 | D:3      | Found an iron altar of Okawaru.
  2463 | D:4      | Noticed Duvessa
  2463 | D:4      | Noticed Dowan
  2508 | D:4      | HP: 8/36 [orc priest/+0 trident (10)]
  2508 | D:4      | Slain by an orc

Vanquished Creatures
  Natasha (thrice) (D:2)
  Robin (D:2)
  An adder (D:3)
  A ribbon worm (D:2)
  5 orcs
  5 bats
  3 endoplasms
  A giant cockroach (D:3)
  7 goblins
  2 hobgoblins
  4 quokkas
  7 ball pythons
  7 frilled lizards
  5 kobolds
52 creatures vanquished.

Table legend:
 A = Non-vault XP
 B = Vault XP
 C = Vault XP percentage of total XP
 D = Non-vault monster count
 E = Vault monster count
 F = Vault count percentage of total count
                 A         B        C        D         E       F
            +---------+---------+-------+---------+---------+-------
      Total |     148 |      71 |  32.4 |      38 |      14 |  26.9
            +---------+---------+-------+---------+---------+-------
        D:1 |      15 |       0 |   0.0 |       9 |       0 |   0.0
        D:2 |      97 |      61 |  38.6 |      16 |       8 |  33.3
        D:3 |      28 |      10 |  26.3 |      10 |       6 |  37.5
        D:4 |       8 |       0 |   0.0 |       3 |       0 |   0.0
            +---------+---------+-------+---------+---------+-------

Skill      XL: |  1  2  3  4 |
---------------+-------------+-----
Stealth        | 2 4 5 |  5.0
Fighting       | 3 |  3.5
Dodging        | |  2.0
Unarmed Combat | |  3.0
Shapeshifting  | |  3.0

Action                     |  1- 3 |  4- 6 || total
---------------------------+-------+-------++-------
  Melee: Unarmed           |    34 |    57 ||    91
         Constrict         |    12 |    14 ||    26
         Tentacles         |    10 |    16 ||    26
         Punch             |     3 |     1 ||     4
   Stab: Sleeping          |     3 |     6 ||     9
 Armour: Skin              |    15 |    22 ||    37
  Dodge: Dodged            |    18 |    35 ||    53

Illustrated notes

Table legend:
 A = Kills in this place as a percentage of kills in the entire game.
 B = Kills by you in this place as a percentage of kills by you in the entire game.
 C = Kills by friends in this place as a percentage of kills by friends in the entire game.
 D = Other kills in this place as a percentage of other kills in the entire game.
 E = Experience gained in this place as a percentage of experience gained in the entire game.
 F = Experience gained in this place divided by the number of levels of this place that you have seen.
                   A       B       C       D       E      F
               +-------+-------+-------+-------+-------+----------------------
         Total | 100.0 | 100.0 |   N/A |   N/A | 100.0 |  54.8
       Dungeon | 100.0 | 100.0 |   N/A |   N/A | 100.0 |  54.8
               +-------+-------+-------+-------+-------+----------------------

Table legend: (Time is in decaauts)
 A = Elapsed time spent in this place.
 B = Non-inter-level travel time spent in this place.
 C = Inter-level travel time spent in this place.
 D = Time resting spent in this place.
 E = Time spent auto-exploring this place.
 F = Levels seen in this place.
 G = Mean time per level.
                   A        B        C        D        E       F      G
               +--------+--------+--------+--------+--------+-----+--------+
         Total |   2502 |   2364 |    138 |    131 |   1935 |   4 |  625.5 |
       Dungeon |   2502 |   2364 |    138 |    131 |   1935 |   4 |  625.5 |
               +--------+--------+--------+--------+--------+-----+--------+

Top non-repeatable levels by time:
     D:3: 966 daAuts
     D:1: 806 daAuts
     D:2: 718 daAuts
     D:4: 10 daAuts
